 Dungeon Crawl Stone Soup version 0.31.0-9-g3a7656b989 (webtiles) character file.

Game seed: 2781804381671346952

37 qw the Shooter (level 3, 0/18 HPs)
             Began as a Spriggan Hunter on Feb 2, 2024.
             Succumbed to a scorpion's poison
             ... on level 2 of the Dungeon.
             The game lasted 00:00:02 (1330 turns).

qw the Shooter (Spriggan Hunter)                    Turns: 1330, Time: 00:00:03

Health: 0/18       AC:  2    Str:  5 (7)  XL:     3   Next: 23%
Magic:  4/4        EV: 18    Int:  9 (10) God:
Gold:   78         SH:  0    Dex: 18 (20) Spells: 2/2 levels left

rFire   . . .        a - +0 shortbow
rCold   . . .        (shield currently unavailable)
rNeg    . . .        c - +0 robe
rPois   .            (helmet restricted)
rElec   .            (no cloak)
rCorr   .            (gloves unavailable)
SInv    +            (boots unavailable)
Will    .....        (no amulet)
Stlth   ++           (no ring)
HPRegen 0.23/turn    (no ring)
MPRegen 0.09/turn

%: no passive effects
@: lethally poisoned (0 -> -14), very quick
A: very small, no large weapons, unfitting armour, see invisible, speed 3
a: no special abilities


You were on level 2 of the Dungeon.
You visited 1 branch of the dungeon, and saw 2 of its levels.

You collected 78 gold pieces.


Innate Abilities, Weirdness & Mutations

You are very small and have problems with some larger weapons.
You are too small for most types of armour.
You have supernaturally acute eyesight. (SInv)
You cover ground extremely quickly. (Speed+++)


   Skills:
 - Level 1.5 Fighting
 - Level 4.6 Ranged Weapons
 + Level 3.8 Dodging
 - Level 1.5 Stealth


You had 2 spell levels left.
You didn't know any spells.
Your spell library was empty.

Inventory:

Hand Weapons
 a - a +0 shortbow (weapon)
Armour
 c - a +0 robe (worn)
Jewellery
 b - an amulet of magic regeneration
Scrolls
 g - a scroll of enchant armour
Potions
 e - a potion of invisibility {unknown}
 h - 3 potions of curing {unknown}
 i - a potion of berserk rage {unknown}

Dungeon Overview and Level Annotations

Branches:
Dungeon (2/15)

Altars:
Gozag

Shops:
D:2 [


Message History

You feel your strength returning.
You have reached level 3!
Your experience leads to an increase in your attributes!
Your base attributes are Str 7, Int 10, Dex 18.
Increase (S)trength, (I)ntelligence, or (D)exterity?
You feel agile. x2
You start resting.
You feel sick. x3
You are no longer poisoned.
HP restored.
You see here an adder corpse.
Found a stone staircase leading down.
Found 4 stones.
There is a stone staircase leading down here.
A frilled lizard comes into view.
You shoot an arrow. The arrow hits the frilled lizard!
You kill the frilled lizard!
A scorpion comes into view.
You shoot an arrow. The arrow hits the scorpion.
The scorpion is moderately wounded.
You shoot an arrow. The arrow barely misses the scorpion.
You shoot an arrow. The arrow barely misses the scorpion.
You shoot an arrow. The arrow hits the scorpion!
The scorpion is severely wounded.
The scorpion closely misses you.
You shoot an arrow. The arrow barely misses the scorpion.
The scorpion misses you. The scorpion stings you.
You are poisoned.
The scorpion poisons you!
You shoot an arrow.
The arrow hits the scorpion but does no damage.
The scorpion is severely wounded.
You feel very sick. The scorpion stings you.
You are more poisoned.
The scorpion poisons you!
You shoot an arrow.
The arrow hits the scorpion but does no damage.
The scorpion is severely wounded.
You die...

#.# #. #.# .# ### #.#
....# #.# .#.# #.# . ..#
#.# ... #.# #..
.##..##.######## ###
......s@.......#
....%...######.#####
####+#### #........# #
##...## #.##.###.# #
##.....## #.##.# #.# #
##.......###.##.###.# #
#.......%.##.#....#.#####
+.........'.............>
#.........##.#....#.#####


You could see a scorpion.

Vanquished Creatures
  An adder (D:2)
  2 dart slugs (D:2)
  2 bats
  3 giant cockroaches
  4 hobgoblins
  3 jackals (D:2)
  A quokka (D:2)
  2 ball pythons
  2 frilled lizards (D:2)
  A kobold (D:1)
  2 rats (D:2)
23 creatures vanquished.

Notes
Turn   | Place    | Note
-------+----------+-------------------------------------------
     0 | D:1      | qw the Spriggan Hunter began the quest for the Orb.
     0 | D:1      | Reached XP level 1. HP: 10/10 MP: 2/2
     0 | D:1      | 0 ||| qw: Version: 0.3-a-155-g5e7d8dd
     0 | D:1      | 0 ||| qw: Game counter: 21
     0 | D:1      | 0 ||| qw: Melee chars always use a shield: true
     0 | D:1      | 0 ||| qw: God list: Okawaru
     0 | D:1      | 0 ||| qw: Allow faded altars: false
     0 | D:1      | 0 ||| qw: Do Orc after clearing Dungeon:15 true
     0 | D:1      | 0 ||| qw: Do second Lair branch before Depths: true
     0 | D:1      | 0 ||| qw: Lair rune preference: random
     0 | D:1      | 0 ||| qw: Goals: Normal
     0 | D:1      | 0 ||| PLANNING D:1-11
    88 | D:1      | Reached skill level 3 in Dodging
   422 | D:1      | Reached XP level 2. HP: 14/14 MP: 3/3
   772 | D:1      | 772 ||| READING scroll labelled YHUSSA TACUN.
   773 | D:1      | 773 ||| READING 2 scrolls labelled XUS KAHOSA.
   773 | D:1      | 773 ||| ENCHANTING +0 shortbow.
   774 | D:1      | 774 ||| READING scroll labelled BOLYBB CISTREOTO.
   775 | D:1      | 775 ||| DRINKING 2 amethyst potions.
   776 | D:1      | 776 ||| DROPPING scroll of butterflies.
   777 | D:1      | 777 ||| DROPPING potion of degeneration.
   828 | D:2      | Found Uwaiw's Armour Shop.
  1125 | D:2      | Found an opulent altar of Gozag.
  1208 | D:2      | Reached XP level 3. HP: 12/18 MP: 4/4
  1323 | D:2      | Noticed a scorpion
  1329 | D:2      | HP: 4/18 [scorpion (5)]
  1330 | D:2      | Succumbed to a scorpion's poison

Levels and vault maps discovered:
D:1:      nicolae_arrival_somewhat_less_tricky_arrival, layout_loops_ring,
          serial_bayou_pond_e, minmay_misc_feat_alley
D:2:      layout_loops_corners, serial_shops, shop, basic_altar

Skill      XL: |  1 |
---------------+----+-----
Dodging        | 3 |  3.8
Fighting       | |  1.5
Ranged Weapons | |  4.6
Stealth        | |  1.5

Action                     || total
---------------------------++-------
   Fire: Shortbow          ||    74
    Use: Scroll            ||     3
         Potion            ||     1
 Armour: Robe              ||     7
  Dodge: Dodged            ||    18

Table legend:
 A = Non-vault XP
 B = Vault XP
 C = Vault XP percentage of total XP
 D = Non-vault monster count
 E = Vault monster count
 F = Vault count percentage of total count
                 A         B        C        D         E       F
            +---------+---------+-------+---------+---------+-------
      Total |      54 |       0 |   0.0 |      23 |       0 |   0.0
            +---------+---------+-------+---------+---------+-------
        D:1 |      14 |       0 |   0.0 |       8 |       0 |   0.0
        D:2 |      40 |       0 |   0.0 |      15 |       0 |   0.0
            +---------+---------+-------+---------+---------+-------
